 Dungeon Sprint DCSS version 0.30-a0-29-g142975f185 (webtiles) character file.

Game seed: 17927740953746231825

5903 mhtbhm the Imperceptible (level 10, -7/51 HPs)
             Began as a Spriggan Brigand on Aug 26, 2022.
             Was the Champion of Dithmenos.
             Killed from afar by Dowan (10 damage)
             ... with a shard of ice
             ... in the Dungeon (Sprint III: "The Ten Rune Challenge").
             The game lasted 00:04:59 (1132 turns).

mhtbhm the Imperceptible (Spriggan Brigand)         Turns: 1132, Time: 00:05:00

Health: -7/51      AC:  4    Str: 11    XL:     10   Next: 53%
Magic:  16/18      EV: 23    Int: 13    God:    Dithmenos [******]
Gold:   2609       SH:  0    Dex: 19    Spells: 9/9 levels left

rFire   . . .      SeeInvis +    a - +2 short sword (venom)
rCold   + . .      Faith    .    (no shield)
rNeg    . . .      Spirit   .    b - +1 robe {rC+}
rPois   .          Reflect  .    (helmet restricted)
rElec   .          Harm     .    c - +0 cloak
rCorr   .          Rampage  .    (gloves unavailable)
Will    ++...      NoTele   +    (boots unavailable) Stlth ********++
                                 (no amulet)
HPRegen 0.17/turn                (no ring)
MPRegen 0.16/turn                (no ring)

@: wreathed by umbra, very quick
A: very small, no large weapons, unfitting armour, see invisible, speed 3,
strong-willed 1, strong 1
a: Renounce Religion, Shadow Step, Shadow Form


You were in the Dungeon.
You worshipped Dithmenos.
Dithmenos was exalted by your worship.
You visited 1 branch You collected 2609 gold pieces.

Inventory:

Hand Weapons
 a - a +2 short sword of venom (weapon)
Missiles
 d - 3 poisoned darts (quivered)
 e - a curare-tipped dart
Armour
 b - a +1 robe of cold resistance (worn)
 c - a +0 cloak (worn)
Scrolls
 k - a scroll of blinking
 l - 2 scrolls of silence
 m - a scroll of poison
 n - 3 scrolls of identify
Potions
 h - a potion of haste
 i - 2 potions of magic
 j - a potion of berserk rage
 o - 2 potions of flight {unknown}
 p - 6 potions of mutation
 q - a potion of might
Miscellaneous
 r - a lightning rod (inert)


   Skills:
 + Level 5.3 Fighting
 + Level 10.7 Short Blades
 + Level 9.3 Throwing
 + Level 8.2 Dodging
 + Level 25.5 Stealth
 * Level 10.2 Invocations
 + Level 3.2 Evocations


You had 9 spell levels left.
You didn't know any spells.
Your spell library contained the following spells:

 Spells                   Type           Power      Damage    Failure   Level
 Shock                    Conj/Air       0%         1d3       30%         1
 Swiftness                Air            0%         N/A       67%         3
 Airstrike                Air            0%         2d(0-16)  97%         4


Dungeon Overview and Level Annotations

Branches:
Dungeon (1/1)

Altars:
Cheibriados
Dithmenos
Elyvilon
Fedhas
Gozag
Hepliaklqana
Kikubaaqudgha
Makhleb
Nemelex Xobeh
Okawaru
Qazlal
Ru
Sif Muna
Trog
Uskayaw
Vehumet
Wu Jian
Xom
Yredelemnul
Zin
The Shining One
Jiyva
Lugonu

Shops:
D (

Annotations:
D Dowan


Innate Abilities, Weirdness & Mutations

You are very small and have problems with some larger weapons.
You are too small for most types of armour.
You have supernaturally acute eyesight. (SInv)
You cover ground extremely quickly. (Speed+++)
You are strong-willed. (Will+)
Your muscles are strong. (Str +4, Int/Dex -1)


Message History

Dowan is lightly wounded.
Aiming: Thunderbolt
Press: ? - help, Shift-Dir - straight line, f/p - Dowan
Aim: Dowan, wielding a +0 morningstar of distortion (lightly wounded, fast, very poisoned, slow, umbra)
The thunderbolt hits Dowan!
Dowan is lightly wounded.
Unknown command.
Unknown command.
Aiming: Thunderbolt
Press: ? - help, Shift-Dir - straight line, f/p - Dowan
Aim: Dowan, wielding a +0 morningstar of distortion (lightly wounded, fast, very poisoned, slow, umbra)
The thunderbolt hits Dowan!!
Dowan is moderately wounded.
The lightning rod overheats!
Unknown command.
Okay, then.
Throw: dart (curare)
Press: ? - help, Q - select action, (/) - cycle Shift-Dir - straight line, f/p - Dowan
Aim: Dowan, wielding a +0 morningstar of distortion (moderately wounded, fast, very poisoned, slow, umbra, 58% to hit)
You throw a curare-tipped dart.
The curare-tipped dart closely misses Dowan.
Okay, then.
Dowan barely misses you.
There is an open door here.
Throw: 4 darts (poison)
Press: ? - help, Q - select action, (/) - cycle Shift-Dir - straight line, f/p - Dowan
Aim: Dowan, wielding a +0 morningstar of distortion (moderately wounded, fast, poisoned, slow, umbra, 58% to hit)
You throw a poisoned dart.
The poisoned dart completely misses Dowan.
Dowan gestures at you while chanting. The stone arrow hits you!!
Ouch! That really hurt!
* * * LOW HITPOINT WARNING * * *
You emit a cloud of dark smoke.
Okay, then.
You see here a curare-tipped dart.
e - a curare-tipped dart Dowan points at you and mumbles some strange words.
The shard of ice hits you! You partially resist.
You die...

###..##..#..## __#.#∩.#..#..+
[_#..)..)...## '##..)).)...##
..#)))))...#.# ..#.##.#.###.#
#'#....#..####
..#)###########################
..#..~~~§.#.'...@.#.#.#.††.†~≈#
..#.#§~§#.#.#...##.#.#.##.†.†≈#
..'.#.§§#.#.#)..#.#.#.#.#.††~≈≈≈
..#.#.).#...#)).##.#e#.##..†~~~~
▓▓▓▓▓▓▓▓▓▓▓▓▓▓▓▓#.#§#.#.#.......
~~........~~~...##§#§#.##.......
≈≈≈≈≈≈≈≈≈≈≈≈♣♣P.'§#§#.#.#.......
♣♣♣♣♣♣♣♣♣♣♣♣♣♣PP##e#§#.#########
♣♣♣##§#####


You could see Dowan (fast, poisoned).

Vanquished Creatures
  Erica (D)
  A centaur warrior (D)
  A deep elf pyromancer (D)
  Duvessa (D)
  An unseen horror (D)
  A queen bee (D)
  3 wandering mushrooms (D)
  A shadow (D)
  A spatial vortex (D)
  4 orc warriors (D)
  2 centaurs (D)
  An earth elemental (D)
  A water elemental (D)
  A necrophage (D)
  A scorpion (D)
  32 killer bees (D)
  A jelly (D)
  2 orc priests (D)
  A wizard (D)
  A necromancer (D)
  An orc wizard (D)
  3 humans (D)
  A kobold demonologist (D)
  11 orcs (D)
  2 endoplasms (D)
  2 rats (D)
78 creatures vanquished.

Notes
Turn   | Place    | Note
-------+----------+-------------------------------------------
     0 | D        | mhtbhm the Spriggan Brigand began the quest for the Orb.
     0 | D        | Reached XP level 1. HP: 10/10 MP: 2/2
     5 | D        | Reached skill level 6 in Stealth
     7 | D        | Reached skill level 7 in Stealth
    54 | D        | Reached skill level 9 in Stealth
    54 | D        | Reached XP level 2. HP: 12/15 MP: 3/3
   119 | D        | Noticed a scorpion
   124 | D        | Killed a scorpion
   125 | D        | Reached skill level 11 in Stealth
   125 | D        | Reached XP level 3. HP: 19/19 MP: 4/4
   125 | D        | Reached XP level 4. HP: 23/23 MP: 5/5
   159 | D        | Gained mutation: Your muscles are strong. (Str +4, Int/Dex
                  | -1) [potion of mutation]
   159 | D        | Gained mutation: You are strong-willed. (Will+) [potion of
                  | mutation]
   173 | D        | Noticed a water elemental
   176 | D        | Killed a water elemental
   177 | D        | Reached skill level 13 in Stealth
   177 | D        | Reached XP level 5. HP: 27/27 MP: 6/6
   187 | D        | Found a shadowy altar of Dithmenos.
   188 | D        | Found a basalt altar of Yredelemnul.
   188 | D        | Found a sacrificial altar of Ru.
   191 | D        | Reached skill level 5 in Short Blades
   191 | D        | Reached skill level 5 in Throwing
   191 | D        | Reached skill level 14 in Stealth
   194 | D        | Became a worshipper of Dithmenos the Shadowed
   231 | D        | Found a radiant altar of Vehumet.
   232 | D        | Found a shimmering blue altar of Sif Muna.
   232 | D        | Found an ancient bone altar of Kikubaaqudgha.
   234 | D        | Reached skill level 15 in Stealth
   236 | D        | Reached skill level 1 in Invocations
   236 | D        | Reached XP level 6. HP: 32/32 MP: 7/7
   248 | D        | Found a glowing silver altar of Zin.
   249 | D        | Found a glowing golden altar of the Shining One.
   249 | D        | Found a white marble altar of Elyvilon.
   249 | D        | Noticed a deep elf pyromancer
   251 | D        | Killed a deep elf pyromancer
   251 | D        | Reached * piety under Dithmenos
   252 | D        | Reached skill level 18 in Stealth
   252 | D        | Reached XP level 7. HP: 36/36 MP: 7/11
   261 | D        | Found a hide-covered altar of Uskayaw.
   261 | D        | Found an iron altar of Okawaru.
   262 | D        | Found a bloodstained altar of Trog.
   262 | D        | Found an ornate altar of the Wu Jian Council.
   262 | D        | Noticed a human
   262 | D        | Noticed a human
   264 | D        | Killed a human
   265 | D        | Reached skill level 19 in Stealth
   265 | D        | Reached skill level 5 in Invocations
   265 | D        | Killed a human
   282 | D        | Noticed a shadow
   331 | D        | Killed a shadow
   331 | D        | Reached ** piety under Dithmenos
   332 | D        | Reached XP level 8. HP: 10/42 MP: 13/13
   567 | D        | Reached skill level 20 in Stealth
   569 | D        | Found a blossoming altar of Fedhas.
   569 | D        | Found a stormy altar of Qazlal.
   570 | D        | Found a snail-covered altar of Cheibriados.
   570 | D        | Found a burning altar of Makhleb.
   570 | D        | Found a hazy altar of Hepliaklqana.
   570 | D        | Found a shimmering altar of Xom.
   570 | D        | Found an opulent altar of Gozag.
   570 | D        | Found a sparkling altar of Nemelex Xobeh.
   570 | D        | Found a corrupted altar of Lugonu.
   570 | D        | Found a viscous altar of Jiyva.
   591 | D        | Noticed Erica
   594 | D        | Killed Erica
   595 | D        | Reached skill level 5 in Dodging
   595 | D        | Reached skill level 21 in Stealth
   603 | D        | Reached *** piety under Dithmenos
   609 | D        | Noticed a centaur warrior
   612 | D        | Reached XP level 9. HP: 46/46 MP: 15/15
   613 | D        | Killed a centaur warrior
   614 | D        | Reached skill level 22 in Stealth
   615 | D        | Reached skill level 23 in Stealth
   628 | D        | Noticed an unseen horror
   629 | D        | Killed an unseen horror
   629 | D        | Reached **** piety under Dithmenos
   640 | D        | Noticed a wandering mushroom
   644 | D        | Noticed a wandering mushroom
   646 | D        | Noticed a wandering mushroom
   647 | D        | Killed a wandering mushroom
   725 | D        | Killed a wandering mushroom
   848 | D        | Noticed a queen bee
   850 | D        | Reached ***** piety under Dithmenos
   851 | D        | Reached skill level 24 in Stealth
   852 | D        | Reached skill level 10 in Short Blades
   852 | D        | Reached XP level 10. HP: 51/51 MP: 17/17
   852 | D        | Reached ****** piety under Dithmenos
   853 | D        | Reached skill level 5 in Fighting
   853 | D        | Reached skill level 1 in Evocations
   855 | D        | Reached skill level 25 in Stealth
   888 | D        | Found Hun Tyd's Weapon Emporium.
   916 | D        | Reached skill level 10 in Invocations
  1110 | D        | Noticed Dowan
  1110 | D        | Noticed Duvessa
  1112 | D        | Killed Duvessa
  1122 | D        | HP: 1/51 [Dowan/stone arrow (32)]
  1132 | D        | Killed from afar by Dowan

Illustrated notes

Levels and vault maps discovered:
D:        dungeon_sprint_mu [sprint_mu_entry_forest, sprint_mu_temple_rooms,
          sprint_mu_d1_horrors, sprint_mu_d2_genie, sprint_mu_d3_branching,
          sprint_mu_orc_legion, sprint_mu_elf_gauntlet, sprint_mu_hive_nellie,
          sprint_mu_lair_fedhas, sprint_mu_vaults_butterflies,
          sprint_mu_slime_circle, sprint_mu_shoals_kraken,
          sprint_mu_snake_twists, sprint_mu_blade_basic,
          sprint_mu_crypt_fortress, sprint_mu_tomb_spiral,
          sprint_mu_vestibule_basic, sprint_mu_gehenna_hellfire,
          sprint_mu_dis_giant, sprint_mu_tartarus_statrot,
          sprint_mu_cocytus_islands, sprint_mu_zot1]

Skill      XL: |  1  2  3  4  5  6  7  8  9 10 |
---------------+-------------------------------+-----
Stealth        | 9 11 13 15 18 19 21 24 25 | 25.5
Short Blades   | 3 4 5 6 7 8 10 | 10.7
Throwing       | 3 4 5 6 7 8 9 |  9.3
Fighting       | 2 3 4 5 |  5.3
Dodging        | 2 3 5 6 8 |  8.2
Invocations    | 1 4 5 7 9 10 | 10.2
Evocations     | 3 |  3.2

Action                   |  1- 3 |  4- 6 |  7- 9 | 10-12 || total
-------------------------+-------+-------+-------+-------++-------
Melee: Dagger            |    12 |     6 |    92 |    34 ||   144
       Punch             |       |       |     2 |     1 ||     3
       Short sword       |       |       |       |     1 ||     1
Throw: Dart              |    10 |       |    10 |    10 ||    30
Invok: Shadow Step       |       |       |       |     1 ||     1
Evoke: Lightning rod     |       |       |     3 |    13 ||    16
  Use: Potion            |       |     1 |     1 |     3 ||     5
       Scroll            |       |       |       |     2 ||     2
 Stab: Sleeping          |     1 |     6 |    11 |     1 ||    19
Armor: Robe              |     1 |       |     3 |     1 ||     5
Dodge: Dodged            |     5 |       |    38 |    29 ||    72

Table legend: (Time is in decaauts)
 A = Elapsed time spent in this place.
 B = Non-inter-level travel time spent in this place.
 C = Inter-level travel time spent in this place.
 D = Time resting spent in this place.
 E = Time spent auto-exploring this place.
 F = Levels seen in this place.
 G = Mean time per level.
                   A        B        C        D        E       F      G
               +--------+--------+--------+--------+--------+-----+--------+
         Total |    896 |    896 |      0 |    369 |     10 |   1 |  896.0 |
       Dungeon |    896 |    896 |      0 |    369 |     10 |   1 |  896.0 |
               +--------+--------+--------+--------+--------+-----+--------+

Top non-repeatable levels by time:
       D: 896 daAuts
